 Dungeon Crawl Stone Soup version 0.31-a0-45-g5f0c076935 (webtiles) character file.

Game seed: 1988023873325637859

89 Sobieck the Magician (level 4, -2/31 HPs)
             Began as a Djinni Fire Elementalist on May 21, 2023.
             Slain by a goblin
             ... wielding a +0 dagger
             ... led by Robin
              (4 damage)
             ... on level 3 of the Dungeon.
             The game lasted 00:03:44 (1852 turns).

Sobieck the Magician (Djinni Fire Elementalist)     Turns: 1852, Time: 00:03:44

Health: -2/31      AC:  2    Str:  7    XL:     4   Next: 84%
Gold:   86         EV: 12    Int: 19    God:
                   SH:  0    Dex: 13

rFire   + + .        c - +0 dagger {short}
rCold   x . .        (no shield)
rNeg    . . .        a - +0 robe
rPois   ∞            (no helmet)
rElec   .            (no cloak)
rCorr   .            (no gloves)
SInv    .            (boots unavailable)
Will    .....        (no amulet)
Stlth   ++           (no ring)
HPRegen 0.25/turn    (no ring)
MPRegen 0.00/turn

%: infuse magic (-3 HP)
@: flying
A: sickness immunity, fire resistance 2, cold vulnerability 1, float, innate
caster, HP casting, extra vitality 1
a: no special abilities


You were on level 3 of the Dungeon.
You visited 1 branch of the dungeon, and saw 3 of its levels.

You collected 86 gold pieces.


Innate Abilities, Weirdness & Mutations

You are immune to sickness and miasma.
You are immune to poison.
Your flesh is very heat resistant. (rF++)
You are vulnerable to cold. (rC-)
You float through the air rather than walking.
You learn spells naturally, not from books.
Your magical power is your life essence.
You have superior vitality. (+4 MHP)


   Skills:
 - Level 2.1 Dodging
 - Level 1.5 Stealth
 + Level 4.0 Spellcasting


You knew the following spells:

 Your Spells              Type           Power      Damage    Failure   Level
a - Foxfire               Conj/Fire      76%        2x1d7     2%          1
b - Scorch                Fire           38%        2d6       3%          2
c - Volatile Blastmotes   Fire/Tloc      38%        2d13      8%          3
d - Inner Flame           Hex/Fire       19%        N/A       8%          3
e - Flame Wave            Conj/Fire      19%        2d7       26%         4
f - Freeze                Ice            76%        1d8       2%          1
Your spell library was empty.

Inventory:

Hand Weapons
 c - a +0 dagger (weapon) {short}
   (You found it on level 1 of the Dungeon)
Missiles
 e - 40 stones {throwing}
Armour
 a - a +0 robe (worn)
 i - a +0 ring mail
   (You found it on level 1 of the Dungeon)
 l - a +0 scale mail
   (You found it on level 2 of the Dungeon)
 o - a +0 ring mail
   (You found it on level 2 of the Dungeon)
 p - a +0 leather armour
   (You found it on level 2 of the Dungeon)
 q - a +0 buckler
   (You found it on level 2 of the Dungeon)
 r - a +0 ring mail
   (You found it on level 2 of the Dungeon)
 u - a +0 scale mail
   (You took it off Terence on level 2 of the Dungeon)
Magical Staves
 s - a staff of death {!astaff}
   (You found it on level 2 of the Dungeon)
Scrolls
 b - a scroll of poison {unknown}
 k - a scroll of fear {unknown}
 m - a scroll of identify {unknown}
 t - a scroll of magic mapping {unknown}
Potions
 d - 2 potions of curing {unknown}
 f - a potion of cancellation {unknown}
 g - a potion of might {unknown}
 h - 2 potions of haste {unknown}
 j - a potion of heal wounds {unknown}
 n - a potion of flight {unknown}

Dungeon Overview and Level Annotations

Branches:
Dungeon (3/15) Zot: 16148

Altars:

Annotations:
D:3 Ijyb, Robin

#########
#.....g.#
#.#####@#
#.###<#g#
#.....#gggg....
#######ggg.....
##gg...S.
.gS.... ...g..#
......# ......#


You could see Ijyb (strong), Robin, an adder, 3 hobgoblins and 6 goblins.


Message History

A cloud of volatile blastmotes flares up around you!
Casting: Volatile Blastmotes (quite dangerous; 9% risk of failure)
Confirm with . or Enter, or press ? or * to list all spells.
The spell is quite dangerous to miscast (9% risk of failure)!
Continue anyway?
A cloud of volatile blastmotes flares up around you!
Unknown command.
Terence says, "Don't bother to defend, it's useless."
The cloud of blastmotes explodes!
The concussive blast engulfs Terence!
The cloud of blastmotes explodes!
The concussive blast engulfs Terence!
The concussive blast engulfs you. You resist.
You are knocked back by the blast.
Terence is knocked back by the blast.
Unknown command.
Unknown command.
Unknown command.
You conjure some foxfire!
Unknown command.
You conjure some foxfire!
The foxfire hits Terence but does no damage.
The foxfire hits Terence.
You kill Terence!
Your Spellcasting skill increases to level 4!
Unknown command.
Unknown command.
u - a +0 scale mail
Things that are here:
a +0 short sword {short}; the human corpse of Terence You start resting.
Unknown command.
There is an open door here.
Found a stone staircase leading down.
Unknown command.
There is a stone staircase leading down here.
Done exploring.
Unknown command.
Done exploring.
(D) Dungeon
Where to? (Enter - D:2, ? - help)
There is a stone staircase leading down here.
You fly downwards.
There is a stone staircase leading up here.
Unknown command.
Unknown command.
Unknown command.
A goblin comes into view. It is wielding a +0 dagger.
Danger! 3 goblins and 2 hobgoblins come into view.
The goblin shouts! x2; The hobgoblin shouts!
You hear a shout! x5
A goblin comes into view. It is wielding a +0 dagger.
Robin of the Strong Arm comes into view.
They are wielding a +0 short sword.
A goblin comes into view. It is wielding a +0 dagger.
The goblin shouts!
A goblin comes into view. It is wielding a +0 dagger.
Robin shouts!
The hobgoblin shouts!
The goblin shouts!
Robin throws the goblin at you!
A goblin comes into view. It is wielding a +0 dagger.
Unknown command.
Unknown command.
You conjure some foxfire!
The foxfire hits the goblin.
A goblin comes into view. It is wielding a +0 club.
The goblin hits you with a +0 dagger.
Robin roars a battlecry!
The goblins go into a battle-frenzy!
Unknown command.
There is not enough space to conjure foxfire!
There is not enough space to conjure foxfire!
Unknown command.
There is not enough space to conjure foxfire!
There is not enough space to conjure foxfire!
Unknown command.
Unknown command.
You closely miss the goblin.
The foxfire hits the goblin.
The goblin hits you with a +0 dagger.
You barely miss the goblin. Robin throws the goblin at you!
The goblin barely misses you. The goblin closely misses you.
The goblin barely misses you.
Unknown command.
You hit the goblin. The goblin barely misses you.
The goblin closely misses you. The goblin barely misses you.
Unknown command.
You hit the goblin.
An adder comes into view.
The goblin hits you but does no damage. The goblin barely misses you.
Ijyb the Twisted Goblin comes into view.
She is wielding a +0 club and carrying a wand of paralysis (5).
The goblin hits you with a +0 dagger.
A hobgoblin comes into view.
Ijyb shouts!
The adder hisses angrily.
You hit the goblin.
You kill the goblin!
The goblin closely misses you. x2
The goblin attacks as you move away! The goblin hits you with a +0 dagger.
* * * LOW HITPOINT WARNING * * *
Robin throws the goblin at you! The goblin hits you with a +0 dagger.
* * * LOW HITPOINT WARNING * * *
You see here a +0 dagger {short}.
Unknown command.
You hit the goblin. The goblin hits you with a +0 club.
* * * LOW HITPOINT WARNING * * *
The goblin hits you with a +0 dagger.
You die...

Skill      XL: |  1  2  3  4 |
---------------+-------------+-----
Spellcasting   | 3 4 |  4.0
Dodging        | |  2.1
Stealth        | |  1.5

Action                     |  1- 3 |  4- 6 || total
---------------------------+-------+-------++-------
  Melee: Dagger            |       |     6 ||     6
   Cast: Foxfire           |    70 |    17 ||    87
         Volatile Blastmot |     5 |     2 ||     7
 Armour: Robe              |       |     1 ||     1
  Dodge: Dodged            |     3 |    12 ||    15

Levels and vault maps discovered:
D:1:      lightli_molten_gateway, layout_loops_ring, minivault_23,
          minmay_distorted
D:2:      layout_basic, chequers_garden, minmay_misc_feat_enclosed,
          minmay_cupped, uniq_terence
D:3:      layout_basic, basic_ecumenical_altar, uniq_robin, uniq_ijyb

Notes
Turn   | Place    | Note
-------+----------+-------------------------------------------
     0 | D:1      | Sobieck the Djinni Fire Elementalist began the quest for
                  | the Orb.
     0 | D:1      | Sobieck set off with the following spells memorised:
                  | Foxfire, Scorch, Volatile Blastmotes, Inner Flame, Flame
                  | Wave.
     0 | D:1      | Reached XP level 1. HP: 15/15 MP: 0/0
    65 | D:1      | Reached XP level 2. HP: 15/21 MP: 0/0
   246 | D:1      | Reached skill level 3 in Spellcasting
   308 | D:1      | Reached XP level 3. HP: 20/25 MP: 0/0
   308 | D:1      | Learned a level 1 spell: Freeze
  1309 | D:2      | Reached XP level 4. HP: 27/31 MP: 0/0
  1766 | D:2      | Noticed Terence
  1781 | D:2      | Killed Terence
  1782 | D:2      | Reached skill level 4 in Spellcasting
  1843 | D:3      | Noticed Robin
  1849 | D:3      | Noticed Ijyb
  1851 | D:3      | HP: 7/31 [goblin/+0 dagger[Robin] (6)]
  1852 | D:3      | HP: 2/31 [goblin/+0 club[Robin] (5)]
  1852 | D:3      | Slain by a goblin

Vanquished Creatures
  Terence (D:2)
  A gnoll (D:1)
  An adder (D:2)
  A worm (D:2)
  2 dart slugs (D:2)
  6 ball pythons
  5 bats
  2 endoplasms (D:1)
  3 hobgoblins
  2 frilled lizards (D:1)
  9 goblins
  A kobold (D:1)
  4 rats
38 creatures vanquished.

Vanquished Creatures (others)
  133 foxfires
133 creatures vanquished.

Grand Total: 171 creatures vanquished

Table legend:
 A = Non-vault XP
 B = Vault XP
 C = Vault XP percentage of total XP
 D = Non-vault monster count
 E = Vault monster count
 F = Vault count percentage of total count
                 A         B        C        D         E       F
            +---------+---------+-------+---------+---------+-------
      Total |      81 |      47 |  36.7 |      30 |       8 |  21.1
            +---------+---------+-------+---------+---------+-------
        D:1 |      44 |       4 |   8.3 |      19 |       2 |   9.5
        D:2 |      37 |      41 |  52.6 |      11 |       5 |  31.2
        D:3 |       0 |       2 | 100.0 |       0 |       1 | 100.0
            +---------+---------+-------+---------+---------+-------

Skill      XL: |  1  2  3  4 |
---------------+-------------+-----
Spellcasting   | 3 4 |  4.0
Dodging        | |  2.1
Stealth        | |  1.5

Action                     |  1- 3 |  4- 6 || total
---------------------------+-------+-------++-------
  Melee: Dagger            |       |     6 ||     6
   Cast: Foxfire           |    70 |    17 ||    87
         Volatile Blastmot |     5 |     2 ||     7
 Armour: Robe              |       |     1 ||     1
  Dodge: Dodged            |     3 |    12 ||    15

Illustrated notes

Table legend:
 A = Kills in this place as a percentage of kills in the entire game.
 B = Kills by you in this place as a percentage of kills by you in the entire game.
 C = Kills by friends in this place as a percentage of kills by friends in the entire game.
 D = Other kills in this place as a percentage of other kills in the entire game.
 E = Experience gained in this place as a percentage of experience gained in the entire game.
 F = Experience gained in this place divided by the number of levels of this place that you have seen.
                   A       B       C       D       E      F
               +-------+-------+-------+-------+-------+----------------------
         Total | 100.0 | 100.0 |   N/A |   N/A | 100.0 |  42.7
       Dungeon | 100.0 | 100.0 |   N/A |   N/A | 100.0 |  42.7
               +-------+-------+-------+-------+-------+----------------------

Table legend: (Time is in decaauts)
 A = Elapsed time spent in this place.
 B = Non-inter-level travel time spent in this place.
 C = Inter-level travel time spent in this place.
 D = Time resting spent in this place.
 E = Time spent auto-exploring this place.
 F = Levels seen in this place.
 G = Mean time per level.
                   A        B        C        D        E       F      G
               +--------+--------+--------+--------+--------+-----+--------+
         Total |   1851 |   1826 |     25 |     60 |   1532 |   3 |  617.0 |
       Dungeon |   1851 |   1826 |     25 |     60 |   1532 |   3 |  617.0 |
               +--------+--------+--------+--------+--------+-----+--------+

Top non-repeatable levels by time:
     D:1: 939 daAuts
     D:2: 888 daAuts
     D:3: 22 daAuts
